 Dungeon Crawl Stone Soup version 0.17-a0-1210-g1e4f09d (console) character file.

83 Monkaria the Skirmisher (level 4, 0/37 HPs)
             Began as a Demonspawn Chaos Knight on June 3, 2015.
             Killed by nerve-wracking pain
             ... invoked by Jessica
              (11 damage)
             ... on level 3 of the Dungeon.
             The game lasted 00:02:59 (1947 turns).

Monkaria the Skirmisher (Demonspawn Chaos Knight)   Turns: 1947, Time: 00:02:59

Health: 0/37       AC:  5    Str: 14    XL:     4   Next: 22%
Magic:  4/4        EV: 11    Int: 13    God:    Xom [......]
Gold:   112        SH:  0    Dex: 12    Spells: 0 memorised, 3 levels left

rFire  . . .     SeeInvis .     a - +0 falchion (chaos)
rCold  . . .     Clarity  +     b - +2 leather armour
rNeg   . . .     SustAt   .     (no shield)
rPois  .         Gourm    .     (no helmet)
rElec  .         Spirit   .     (no cloak)
rCorr  .         Warding  .     (no gloves)
rMut   .         Stasis   .     (no boots)
MR     .....                    v - amulet of clarity
Stlth  +.........               (no ring)
                                (no ring)

@: slowed, very slow, not resistant to hostile enchantments, very unstealthy
A: claws 1, talons 1
a: Renounce Religion


You were on level 3 of the Dungeon.
You worshipped Xom.
You were a very special plaything of Xom.
You were hungry.

You visited 1 branch of the dungeon, and saw 3 of its levels.

You collected 112 gold pieces.

Inventory:

Hand weapons
 a - a +0 falchion of chaos (weapon)
Armour
 b - a +2 leather armour (worn)
Jewellery
 k - an uncursed amulet of regeneration
 r - an uncursed ring of ice
 t - an uncursed amulet of resist corrosion
 v - an amulet of clarity (around neck)
Scrolls
 e - a scroll of noise {unknown}
 g - 2 scrolls of teleportation {unknown}
 j - a scroll of blinking {unknown}
 n - 3 scrolls of random uselessness {unknown}
 p - 3 scrolls of remove curse {unknown}
 w - a scroll of fear {unknown}
 x - a scroll of enchant armour {unknown}
Potions
 f - 2 potions of brilliance {unknown}
 h - a potion of cancellation {unknown}
 i - a potion of curing {unknown}
 m - a potion of invisibility {unknown}
 q - 2 potions of might {unknown}
 u - a potion of haste {unknown}
 z - a potion of berserk rage {unknown}
Comestibles
 c - 3 bread rations
 d - a meat ration
 l - a slice of pizza
 o - a beef jerky


   Skills:
 - Level 4.0 Fighting
 - Level 2.6 Long Blades
 - Level 1.7 Armour
 - Level 0.8 Dodging
 + Level 2.5 Unarmed Combat


You had 3 spell levels left.
You didn't know any spells.

Dungeon Overview and Level Annotations

Branches:
Dungeon (3/15)

Altars:
Ashenzari
Gozag
Yredelemnul

Annotations:
D:3 Jessica


Innate Abilities, Weirdness & Mutations

You have sharp fingernails.
You have sharp toenails.


Message History

You hit Jessica. You burn Jessica. Your claw misses Jessica.
Jessica is heavily wounded.
Jessica hits you but does no damage. Jessica says, "Why did you come here?"
Jessica mumbles some strange words.
Jessica seems to speed up.
You hit Jessica. Your kick misses Jessica.
Jessica is almost dead.
Jessica mumbles some strange words.
Jessica blinks!
Jessica casts a spell at you. Pain shoots through your body!
* * * LOW HITPOINT WARNING * * *
You are too injured to fight recklessly!
Unknown command.
Unknown command.
You aren't carrying any items that can be evoked.
Jessica points at you and mumbles some strange words.
Pain shoots through your body!
You die...

#......### #####.###
##.......####........
########...................
...(.......................
######...##.######<..#####
######...#............##
#..#...####..§.........#####
##.>..### #............<.....
#....######.@.........†..##..
#..>.....................#.)#
##..###.....@...÷............
#..##..###...............###
####....###.............##
#....####............###
##..............###....##
#########.###...#....÷.. #.#
###.........


You could see Jessica.

Vanquished Creatures
  2 adders (D:2)
  2 shadow imps
  An ooze (D:2)
  2 worms (D:2)
  10 bats
  4 giant cockroaches
  4 goblins
  4 hobgoblins
  7 kobolds
  4 giant geckos
  5 giant newts
  2 jackals (D:3)
  7 rats
54 creatures vanquished.

Notes
Turn   | Place    | Note
--------------------------------------------------------------
     0 | D:1      | Monkaria the Demonspawn Chaos Knight began the quest for the Orb.
     0 | D:1      | Reached XP level 1. HP: 18/18 MP: 1/1
    65 | D:1      | XOM: harmless Chrm miscast
   107 | D:1      | XOM: silly message
   115 | D:1      | Found a shattered altar of Ashenzari.
   145 | D:1      | Gained mutation: You have sharp toenails. [demonic ancestry]
   145 | D:1      | Reached XP level 2. HP: 21/24 MP: 2/2
   219 | D:1      | XOM: harmless Fire miscast
   453 | D:1      | XOM: cast spell 'Confusing Touch'
   665 | D:2      | XOM: summons 1 hostile demon
   672 | D:2      | Reached skill level 4 in Fighting
   772 | D:2      | Gained mutation: You have sharp fingernails. [demonic ancestry]
   772 | D:2      | Reached XP level 3. HP: 27/30 MP: 3/3
   797 | D:2      | Reached skill level 1 in Unarmed Combat
   825 | D:2      | XOM: silly message
  1243 | D:1      | XOM: harmless Hex miscast
  1262 | D:2      | Found an opulent altar of Gozag.
  1336 | D:2      | Found a basalt altar of Yredelemnul.
  1546 | D:3      | Reached XP level 4. HP: 32/37 MP: 4/4
  1700 | D:3      | XOM: colour smoke trail
  1706 | D:3      | Noticed Jessica
  1712 | D:3      | XOM: mild Summ miscast
  1713 | D:3      | XOM: repel stairs
  1947 | D:3      | Killed from afar by Jessica

Vault maps used:
D:1:      eino_arrival_cavern_b, evilmike_ruin_ashenzari
D:2:      nicolae_gozag_seed_capital, overflow_temple_1_default
D:3:      uniq_jessica

Action                   |  1- 3 |  4- 6 || total
-------------------------+-------+-------++-------
Melee: Falchion          |   128 |    49 ||   177
 Stab: Petrifying        |     1 |       ||     1
       Sleeping          |     1 |       ||     1
       Paralysed         |       |     1 ||     1
  Eat: Chunk             |     2 |     1 ||     3
